 Dungeon Crawl Stone Soup version 0.31.0-12-g77e489cdc1 (webtiles) character file.

Game seed: 11683354343196542571

4708 ExtrovertedYeti the Slicer (level 10, -7/83 HPs)
             Began as a Demonspawn Gladiator on Feb 15, 2024.
             Was a Believer of Okawaru.
             Mangled by a fire elemental (11 damage)
             ... summoned by a deep elf pyromancer
             ... on level 8 of the Dungeon.
             The game lasted 00:12:20 (9741 turns).

ExtrovertedYeti the Slicer (Demonspawn Gladiator)   Turns: 9741, Time: 00:12:21

Health: -7/83      AC: 14    Str: 14    XL:     10   Next: 22%
Magic:  13/15      EV: 14    Int: 12    God:    Okawaru [**....]
Gold:   426        SH:  0    Dex: 20    Spells: 9/9 levels left

rFire   . . .        a - +1 rapier (drain)
rCold   . . .        (no shield)
rNeg    . . .        o - +0 scale mail
rPois   .            c - +0 helmet
rElec   .            D - +0 cloak
rCorr   .            (no gloves)
SInv    .            (no boots)
Will    .....        (no amulet)
Stlth   +            Y - +4 ring of slaying
HPRegen 0.33/turn    (no ring)
MPRegen 0.14/turn

%: clarity
@: on fire, heroic, glowing
A: yellow scales 2, powered by pain 2, agile 1, clarity, clever 1
a: Renounce Religion, Heroism


You were on level 8 of the Dungeon.
You worshipped Okawaru.
Okawaru was pleased with you.
You visited 2 branches of the dungeon, and saw 9 of its levels.

You collected 426 gold pieces.


Innate Abilities, Weirdness & Mutations

You are mostly covered in yellow scales. (AC +3)
You sometimes gain power by taking damage.
You are agile. (Dex +4, Str/Int -1)
You possess an exceptional clarity of mind.
Your mind is acute. (Int +4, Str/Dex -1)


   Skills:
 + Level 9.0(14.0) Fighting
 - Level 9.0(14.0) Short Blades
 - Level 3.0(8.0) Staves
 - Level 1.7(6.7) Throwing
 - Level 4.0(9.0) Armour
 - Level 3.0(8.0) Dodging
 - Level 7.0 Invocations


You had 9 spell levels left.
You didn't know any spells.
Your spell library contained the following spells:

 Spells                   Type           Power      Damage    Failure   Level
 Apportation              Tloc           0%         N/A       73%         1
 Necrotise                Necr           0%         1d4       73%         1
 Sting                    Conj/Alch      0%         1d3       73%         1
 Ensorcelled Hibernation  Hex/Ice        0%         N/A       86%         2
 Frozen Ramparts          Ice            0%         1d1       97%         3
 Gell's Gravitas          Tloc           0%         N/A       97%         3
 Hailstorm                Conj/Ice       0%         3d5       97%         3
 Sigil of Binding         Hex            0%         N/A       97%         3
 Teleport Other           Tloc           0%         N/A       97%         3
 Vampiric Draining        Necr           0%         2d6       97%         3
 Dimensional Bullseye     Hex/Tloc       0%         N/A       100%        4
 Curse of Agony           Necr           0%         N/A       100%        5
 Dispersal                Tloc           0%         N/A       100%        6
 Summon Small Mammal      Summ           Unusable   N/A       N/A         1
 Call Canine Familiar     Summ           Unusable   N/A       N/A         3
 Summon Ice Beast         Ice/Summ       Unusable   N/A       N/A         3
 Martyr's Knell           Necr/Summ      Unusable   N/A       N/A         4

Inventory:

Hand Weapons
 a - a +1 rapier of draining (weapon)
 b - a +4 shortbow
Missiles
 d - 3 throwing nets {=f}
 e - 7 javelins
Armour
 c - a +0 helmet (worn)
 o - a +0 scale mail (worn)
 D - a +0 cloak (worn)
Jewellery
 C - a ring of ice
 Y - a +4 ring of slaying (left hand)
Wands
 y - a wand of mindburst (8)
 B - a wand of paralysis (5)
 E - a wand of flame (26)
Scrolls
 f - a scroll of enchant armour {unknown}
 h - 3 scrolls of immolation
 j - a scroll of blinking {unknown}
 p - a scroll of revelation {unknown}
 q - 4 scrolls of fear
 s - 2 scrolls of vulnerability {unknown}
 t - a scroll of amnesia {unknown}
 w - 3 scrolls of poison {unknown}
Potions
 g - a potion of cancellation
 i - a potion of ambrosia
 k - 2 potions of curing {@q1}
 l - 2 potions of heal wounds {@q2}
 m - a potion of mutation
 n - 4 potions of magic
 r - a potion of brilliance
 u - a potion of might
 x - a potion of invisibility
 z - 2 potions of lignification
 A - a potion of enlightenment

Dungeon Overview and Level Annotations

Branches:
Dungeon (8/15)             Temple (1/1) D:5
   Lair: D:8-11

Altars:
Ashenzari
Dithmenos
Gozag
Hepliaklqana
Kikubaaqudgha
Makhleb
Nemelex Xobeh
Okawaru
Qazlal
Ru
Sif Muna
Trog
Vehumet
Wu Jian
Xom
Yredelemnul

Annotations:
D:6 1 runed translucent door, wildpjah's ghost, novice GrEE

# #......# ##..##.......##.#####
#......###..###.#####..#......
####..................###.#######
...#####.###########......>#
##..# #...........#..###### ##.##
#.......... #..#
#..###.8######+++#..###
##..##.......EPĀ§.#..#..
##.##...e...'@E.#..#.#
#.##.......'8.8#.##.#
#..#.8######+++#.##.#
##.#.......... #....#
#.#......[....#.####
#...###########.#
##..............#
#.........###### ###########


You could see a deep elf pyromancer (drained) and 2 fire elementals.


Message History

The fire elemental hits you. The fire elemental burns you!
* * * LOW HITPOINT WARNING * * *
Unknown command.
You closely miss the deep elf pyromancer.
The deep elf pyromancer is severely wounded.
The liquid fire burns you!
* * * LOW HITPOINT WARNING * * *
The fire elemental closely misses you. The fire elemental barely misses you.
The deep elf pyromancer hits you with a +2 dagger of speed.
* * * LOW HITPOINT WARNING * * *
The deep elf pyromancer hits you but does no damage.
You barely miss the deep elf pyromancer.
The deep elf pyromancer is severely wounded.
The liquid fire burns you!
* * * LOW HITPOINT WARNING * * *
The fire elemental closely misses you. The fire elemental hits you.
The fire elemental burns you!
* * * LOW HITPOINT WARNING * * *
The deep elf pyromancer casts a spell.
The deep elf pyromancer blinks!
Use which ability? (? or * to list)
You gain the combat prowess of a mighty hero.
The liquid fire burns you!
* * * LOW HITPOINT WARNING * * *
The fire elemental misses you. The fire elemental barely misses you.
The deep elf pyromancer casts a spell at you.
The pyre arrow hits you.
You are even more covered in intense liquid fire!
The fire elemental hits you. The fire elemental burns you!
You die...

Skill      XL: |  1  2  3  4  5  6  7  8  9 10 |
---------------+-------------------------------+-----
Fighting       | 3 4 5 6 7 9 |  9.0
Staves         | 3 |  3.0
Dodging        | 3 |  3.0
Armour         | 1 3 4 |  4.0
Short Blades   | 2 4 7 9 |  9.0
Invocations    | 5 7 |  7.0
Throwing       | |  1.7

Action                     |  1- 3 |  4- 6 |  7- 9 | 10-12 || total
---------------------------+-------+-------+-------+-------++-------
  Melee: Quarterstaff      |    89 |    94 |       |       ||   183
         Rapier            |       |    48 |   380 |    90 ||   518
         Punch             |       |     1 |     5 |     3 ||     9
 Invoke: Heroism           |       |       |     1 |     2 ||     3
    Use: Scroll            |       |       |     9 |     2 ||    11
         Potion            |       |       |     2 |       ||     2
 Armour: Leather armour    |    46 |       |       |       ||    46
         Ring mail         |    13 |    17 |       |       ||    30
         Scale mail        |       |    76 |   335 |    60 ||   471
  Dodge: Dodged            |    49 |    76 |   235 |    63 ||   423

Levels and vault maps discovered:
D:1:      mrwooster_arrival_statue_2, layout_basic,
          ebering_ecumenical_altar_abandoned
D:2:      layout_loops_corners, minmay_close_crescents, uniq_jessica,
          uniq_natasha
D:3:      layout_rooms, trog_three_pillars_becter
D:4:      layout_loops_corners, nicolae_overflow_hidden_temple,
          mainiacjoe_overflow_boulevard, amcnicky_altar_gilded
D:5:      layout_gridville, minmay_temple_entry_wispy, kennysheep_donut,
          uniq_ijyb, uniq_prince_ribbit1, uniq_eustachio, uniq_menkaure
D:6:      layout_basic, ebering_ghost_xom, minmay_door_square,
          uniq_crazy_yiuf_cottage, uniq_blork_the_orc
D:7:      layout_loops_ring, kennysheep_mini
D:8:      layout_basic, mainiacjoe_overflow_swirl, guppyfry_early_elven_hall
Temple:   dpeg_chambers_temple

Notes
Turn   | Place    | Note
-------+----------+-------------------------------------------
     0 | D:1      | ExtrovertedYeti the Demonspawn Gladiator began the quest
                  | for the Orb.
     0 | D:1      | Reached XP level 1. HP: 16/16 MP: 1/1
   147 | D:1      | Gained mutation: You are partially covered in yellow
                  | scales. (AC +2) [demonic ancestry]
   147 | D:1      | Reached XP level 2. HP: 23/23 MP: 2/2
   167 | D:1      | Reached skill level 3 in Fighting
   181 | D:1      | Found a faded altar of an unknown god.
   190 | D:1      | Got the Volume of Refrigeration
   257 | D:1      | Reached skill level 3 in Staves
   631 | D:2      | Reached skill level 3 in Dodging
   631 | D:2      | Reached XP level 3. HP: 29/29 MP: 3/3
   861 | D:2      | Noticed Jessica
   873 | D:2      | Killed Jessica
   874 | D:2      | Reached skill level 4 in Fighting
   874 | D:2      | Gained mutation: You sometimes gain a little power by
                  | taking damage. [demonic ancestry]
   874 | D:2      | Reached XP level 4. HP: 18/37 MP: 4/4
  1333 | D:2      | Noticed Natasha
  1341 | D:2      | Killed Natasha
  1366 | D:2      | Noticed Natasha
  1371 | D:2      | Killed Natasha
  1372 | D:2      | Reached XP level 5. HP: 38/43 MP: 5/5
  1432 | D:2      | Reached skill level 5 in Fighting
  1763 | D:2      | Noticed Natasha
  1771 | D:2      | Killed Natasha
  1851 | D:3      | Reached skill level 1 in Armour
  1923 | D:3      | Found a bloodstained altar of Trog.
  2476 | D:4      | Gained mutation: You sometimes gain power by taking damage.
                  | [demonic ancestry]
  2476 | D:4      | Reached XP level 6. HP: 51/51 MP: 6/6
  2522 | D:4      | Found an ornate altar of the Wu Jian Council.
  2740 | D:4      | Reached skill level 2 in Armour
  2822 | D:4      | Found an opulent altar of Gozag.
  2849 | D:4      | Reached skill level 1 in Short Blades
  2979 | D:4      | Found a stormy altar of Qazlal.
  3302 | D:5      | Entered Level 5 of the Dungeon
  3302 | D:5      | Noticed Menkaure
  3435 | D:5      | Killed Menkaure
  3436 | D:5      | Reached skill level 6 in Fighting
  3569 | D:5      | Reached skill level 2 in Short Blades
  3569 | D:5      | Reached skill level 3 in Armour
  3569 | D:5      | Gained mutation: You are mostly covered in yellow scales.
                  | (AC +3) [demonic ancestry]
  3569 | D:5      | Reached XP level 7. HP: 22/58 MP: 7/7
  3705 | D:5      | Noticed Ijyb
  4446 | D:5      | Reached skill level 3 in Short Blades
  4765 | D:5      | Noticed Prince Ribbit
  4781 | D:5      | Gained mutation: You possess an exceptional clarity of
                  | mind. [potion of mutation]
  4781 | D:5      | Gained mutation: Your mind is acute. (Int +4, Str/Dex -1)
                  | [potion of mutation]
  4781 | D:5      | Gained mutation: You are agile. (Dex +4, Str/Int -1)
                  | [potion of mutation]
  4914 | D:5      | Noticed Eustachio
  4922 | D:5      | Killed Prince Ribbit
  4923 | D:5      | Reached skill level 4 in Short Blades
  4923 | D:5      | Reached skill level 4 in Armour
  5184 | D:5      | Reached XP level 8. HP: 61/64 MP: 8/8
  5408 | D:5      | Reached skill level 5 in Short Blades
  5717 | D:5      | Killed Eustachio
  5718 | D:5      | Reached skill level 6 in Short Blades
  5930 | D:5      | Found a staircase to the Ecumenical Temple.
  5936 | Temple   | Entered the Ecumenical Temple
  5953 | Temple   | Became a worshipper of Warmaster Okawaru
  5979 | D:5      | Killed Ijyb
  6180 | D:5      | Reached skill level 1 in Invocations
  6441 | D:6      | Reached skill level 2 in Invocations
  6486 | D:6      | Reached skill level 3 in Invocations
  6600 | D:6      | Noticed Blork the orc
  6610 | D:6      | Killed Blork the orc
  6611 | D:6      | Reached skill level 7 in Short Blades
  6828 | D:6      | Reached skill level 4 in Invocations
  6856 | D:6      | Reached * piety under Okawaru
  6857 | D:6      | Reached skill level 5 in Invocations
  6857 | D:6      | Reached XP level 9. HP: 20/69 MP: 12/12
  7060 | D:6      | Found a runed translucent door.
  7088 | D:6      | Found a shimmering altar of Xom.
  7088 | D:6      | Noticed wildpjah's ghost (novice GrEE)
  7089 | D:6      | Noticed a +1 rapier of chaos
  7129 | D:6      | Reached skill level 6 in Invocations
  7141 | D:6      | Reached skill level 8 in Short Blades
  7145 | D:6      | Reached skill level 7 in Invocations
  7627 | D:6      | Found a runed translucent door.
  7628 | D:6      | Noticed Crazy Yiuf
  7738 | D:6      | Paralysed by Crazy Yiuf for 1 turns
  7749 | D:6      | Killed Crazy Yiuf
  7749 | D:6      | Reached ** piety under Okawaru
  7975 | D:7      | Reached skill level 9 in Short Blades
  8199 | D:7      | Reached skill level 7 in Fighting
  8567 | D:7      | Reached XP level 10. HP: 74/80 MP: 15/15
  8770 | D:7      | Identified the +2 whip of the Red Skies {distort, rC+ Str+4
                  | Int+3}
  8880 | D:7      | Found a shimmering blue altar of Sif Muna.
  8928 | D:8      | Reached skill level 8 in Fighting
  9296 | D:8      | Reached skill level 9 in Fighting
  9729 | D:8      | Noticed a deep elf pyromancer
  9740 | D:8      | HP: 8/83 [fire elemental[a deep elf pyromancer] (7)]
  9741 | D:8      | HP: 3/83 [burnt (5)]
  9741 | D:8      | Mangled by a fire elemental

Vanquished Creatures
  A hornet (D:8)
  Prince Ribbit (D:5)
  6 yaks (D:6)
  Eustachio (D:5)
  Menkaure (D:5)
  A water moccasin (D:5)
  An orc warrior (D:6)
  A sky beast (D:7)
  3 ice beasts
  2 ogres
  2 centaurs
  2 kobold brigands
  Blork the orc (D:6)
  A bullfrog (D:8)
  A gnoll sergeant (D:5)
  A scorpion (D:5)
  4 wights (D:8)
  8 killer bees
  A howler monkey (D:4)
  2 hounds
  2 bombardier beetles
  Crazy Yiuf (D:6)
  8 orc priests
  3 jellies
  2 sleepcaps
  Ijyb (D:5)
  Jessica (D:2)
  5 iguanas
  Natasha (thrice) (D:2)
  6 orc wizards
  9 gnolls (D:5)
  8 adders
  2 shadow imps
  4 ufetubi
  3 dart slugs
  6 ribbon worms
  26 orcs
  5 ball pythons
  6 bats
  7 endoplasms
  A giant cockroach (D:1)
  13 goblins
  5 hobgoblins
  3 jackals (D:1)
  2 quokkas
  3 frilled lizards
  17 kobolds
  4 rats
197 creatures vanquished.

Vanquished Creatures (others)
  An orc wizard (D:7)
1 creature vanquished.

Grand Total: 198 creatures vanquished

Table legend: (Time is in decaauts)
 A = Elapsed time spent in this place.
 B = Non-inter-level travel time spent in this place.
 C = Inter-level travel time spent in this place.
 D = Time resting spent in this place.
 E = Time spent auto-exploring this place.
 F = Levels seen in this place.
 G = Mean time per level.
                   A        B        C        D        E       F      G
               +--------+--------+--------+--------+--------+-----+--------+
         Total |   9699 |   9383 |    316 |   2392 |   5533 |   9 | 1077.7 |
       Dungeon |   9668 |   9364 |    304 |   2392 |   5533 |   8 | 1208.5 |
        Temple |     30 |     18 |     12 |      0 |      0 |   1 |   30.0 |
               +--------+--------+--------+--------+--------+-----+--------+

Top non-repeatable levels by time:
     D:5: 2363 daAuts
     D:4: 1686 daAuts
     D:6: 1553 daAuts
     D:2: 1251 daAuts
     D:7: 922 daAuts
     D:8: 800 daAuts
     D:1: 598 daAuts
     D:3: 492 daAuts
  Temple: 30 daAuts

Table legend:
 A = Non-vault XP
 B = Vault XP
 C = Vault XP percentage of total XP
 D = Non-vault monster count
 E = Vault monster count
 F = Vault count percentage of total count
                 A         B        C        D         E       F
            +---------+---------+-------+---------+---------+-------
      Total |    5821 |     906 |  13.5 |     187 |      11 |   5.6
            +---------+---------+-------+---------+---------+-------
        D:1 |      38 |       0 |   0.0 |      22 |       0 |   0.0
        D:2 |     130 |      90 |  40.9 |      21 |       5 |  19.2
        D:3 |      87 |       0 |   0.0 |      17 |       0 |   0.0
        D:4 |     157 |       0 |   0.0 |      19 |       0 |   0.0
        D:5 |     928 |     676 |  42.1 |      29 |       4 |  12.1
        D:6 |    2134 |     140 |   6.2 |      31 |       2 |   6.1
        D:7 |    1213 |       0 |   0.0 |      31 |       0 |   0.0
        D:8 |    1134 |       0 |   0.0 |      17 |       0 |   0.0
            +---------+---------+-------+---------+---------+-------
